 Dungeon Crawl Stone Soup version 0.29-a0-961-gfab03dca74 (webtiles) character file.

Game seed: 4877698137246373931

35 Ajdolov the Chopper (level 3, -3/29 HPs)
             Began as a Ghoul Gladiator on July 30, 2022.
             Slain by a gnoll
             ... wielding a +0 halberd
              (5 damage)
             ... on level 1 of the Dungeon.
             The game lasted 00:01:09 (1023 turns).

Ajdolov the Chopper (Ghoul Gladiator)               Turns: 1023, Time: 00:01:10

Health: -3/29      AC:  6    Str: 19    XL:     3   Next: 35%
Magic:  2/2        EV: 11    Int:  3    God:
Gold:   52         SH:  0    Dex: 10    Spells: 2/2 levels left

rFire   . . .      SeeInvis .   a - +0 war axe
rCold   + . .      Faith    .   (no shield)
rNeg    + + +      Spirit   .   n - +0 ring mail
rPois   ∞          Reflect  .   c - +0 helmet
rElec   .          Harm     .   (no cloak)
rCorr   .          Rampage  .   (no gloves)
Will    .....                   (no boots)
Stlth   ..........              (no amulet)
HPRegen 0.00/turn               (no ring)
MPRegen 0.08/turn               (no ring)

@: inhibited regen
A: claws 1, cold resistance 1, negative energy resistance 3, inhibited
regeneration, torment resistance 2, devour on kill
a: no special abilities


You were on level 1 of the Dungeon.
You visited 1 branch of the dungeon, and saw 2 of its levels.

You collected 52 gold pieces.

Inventory:

Hand Weapons
 a - a +0 war axe (weapon)
Missiles
 d - 3 throwing nets (quivered)
 e - a javelin
Armour
 c - a +0 helmet (worn)
 n - a +0 ring mail (worn)
Scrolls
 f - 2 scrolls of fear {unknown}
 j - a scroll of enchant armour {unknown}
 l - a scroll of magic mapping {unknown}
 m - 3 scrolls of poison {unknown}
 o - a scroll of identify {unknown}
 r - a scroll of blinking {unknown}
Potions
 b - a potion of haste {unknown}
 g - a potion of curing {unknown}
 h - 2 potions of lignification {unknown}
 i - a potion of heal wounds {unknown}
 k - a potion of degeneration {unknown}
 p - a potion of brilliance {unknown}
 q - a potion of magic {unknown}


   Skills:
 - Level 2.1 Fighting
 * Level 3.9 Axes
 - Level 1.7 Throwing
 - Level 2.6 Dodging


You had 2 spell levels left.
You didn't know any spells.
Your spell library was empty.

Dungeon Overview and Level Annotations

Branches:
Dungeon (2/15)

Altars:


Innate Abilities, Weirdness & Mutations

You are immune to poison.
You have sharp fingernails.
Your flesh is cold resistant. (rC+)
You are immune to negative energy. (rN+++)
You do not regenerate when monsters are visible.
You are immune to unholy pain and torment.
You thrive by killing the living.


Message History

There is an open door here.
Things that are here:
a +0 whip; a stone You open the door.
A quokka comes into view.
There is an open door here.
A quokka is nearby!
You closely miss the quokka.
The quokka bites you but does no damage.
You slash the quokka!
You kill the quokka!
No target in view!
Done exploring.
Done exploring.
You can't go down here!
Unknown command.
There is an open door here.
There is a stone staircase leading down here.
You climb downwards.
The gnoll shouts! x4
Found a scroll labelled ALIUCAUCWA.
There is a stone staircase leading up here.
There are monsters nearby!
You slash the gnoll!
The gnoll is severely wounded.
You barely miss the gnoll. x2; The gnoll hits you with a +0 flail.
The gnoll closely misses you. The gnoll hits you with a +0 halberd!
Unknown command.
The gnoll closely misses you. The gnoll hits you with a +0 halberd!
* * * LOW HITPOINT WARNING * * *
The gnoll barely misses you. The gnoll hits you but does no damage.
You climb upwards.
There is a stone staircase leading down here.
You barely miss the gnoll.
The gnoll is severely wounded.
You closely miss the gnoll. You hit the gnoll but do no damage.
You hit the gnoll. The gnoll hits you with a +0 club.
* * * LOW HITPOINT WARNING * * *
The gnoll closely misses you. The gnoll hits you with a +0 halberd.
You die...

#.# #...# #...........
#.# #...####.†########.
#.# ##.................
#.# #.................
#.#####.#####.#########.
#.......................
#######....##.#########.
#gg..############)
#@...'............
########
#gg..############.
#......# #....# ######.
######.# ###### #......
#.# #...... #.# #......
#.###############......
#........).............
#####################..


You could see 4 gnolls.

Vanquished Creatures
  A dart slug (D:1)
  6 endoplasms (D:1)
  3 giant cockroaches (D:1)
  A hobgoblin (D:1)
  A jackal (D:1)
  3 quokkas (D:1)
  4 ball pythons (D:1)
  2 bats (D:1)
  3 frilled lizards (D:1)
  4 kobolds (D:1)
  4 rats (D:1)
32 creatures vanquished.

Notes
Turn   | Place    | Note
-------+----------+-------------------------------------------
     0 | D:1      | Ajdolov the Ghoul Gladiator began the quest for the Orb.
     0 | D:1      | Reached XP level 1. HP: 17/17 MP: 0/0
   157 | D:1      | Reached skill level 3 in Axes
   248 | D:1      | Reached XP level 2. HP: 23/24 MP: 1/1
   602 | D:1      | Reached XP level 3. HP: 29/29 MP: 2/2
   763 | D:1      | Found a faded altar of an unknown god.
  1023 | D:1      | Slain by a gnoll

Illustrated notes

Levels and vault maps discovered:
D:1:      nzn_arrival_depleted_hourglass, layout_basic,
          ebering_ecumenical_altar_box, minmay_fountain_box, minmay_nonomino_d4
D:2:      layout_basic

Skill      XL: |  1 |
---------------+----+-----
Axes           | 3 |  3.9
Fighting       | |  2.1
Throwing       | |  1.7
Dodging        | |  2.6

Action                   || total
-------------------------++-------
Melee: War axe           ||    89
       Punch             ||     1
Armor: Leather armour    ||    23
       Ring mail         ||    14
Dodge: Dodged            ||    73

Table legend: (Time is in decaauts)
 A = Elapsed time spent in this place.
 B = Non-inter-level travel time spent in this place.
 C = Inter-level travel time spent in this place.
 D = Time resting spent in this place.
 E = Time spent auto-exploring this place.
 F = Levels seen in this place.
 G = Mean time per level.
                   A        B        C        D        E       F      G
               +--------+--------+--------+--------+--------+-----+--------+
         Total |   1052 |   1009 |     43 |      0 |    776 |   2 |  526.0 |
       Dungeon |   1052 |   1009 |     43 |      0 |    776 |   2 |  526.0 |
               +--------+--------+--------+--------+--------+-----+--------+

Top non-repeatable levels by time:
     D:1: 1049 daAuts
     D:2: 3 daAuts
